 Dungeon Crawl Stone Soup version 0.27-a0-1299-g1ab19c6527 (webtiles) character file.

Game seed: 10600523331700256231

16 freelancePsychic the Magician (level 2, 0/24 HPs)
             Began as a Djinni Warper on June 17, 2021.
             Frozen to death by an endoplasm (1 damage)
             ... on level 2 of the Dungeon.
             The game lasted 00:01:41 (793 turns).

freelancePsychic the Magician (Djinni Warper)        Turns: 793, Time: 00:01:42

Health: 0/24       AC:  3    Str: 10    XL:     2   Next: 70%
Gold:   48         EV: 11    Int: 14    God:
                   SH:  0    Dex: 12

rFire    + + .     SeeInvis .     - Unarmed
rCold    x . .     Faith    .   (no shield)
rNeg     . . .     Spirit   .   a - +0 leather armour
rPois    ∞         Reflect  .   (no helmet)
rElec    .         Harm     .   (no cloak)
rCorr    .         Rampage  .   (no gloves)
Will     .....                  (boots unavailable)
Stlth    +.........             (no amulet)
HPRegen  0.08/turn              (no ring)
MPRegen  0.00/turn              (no ring)

@: flying
A: sickness immunity, fire resistance 2, cold vulnerability 1, float, innate
caster, hp casting, extra vitality 1
a: no special abilities


You were on level 2 of the Dungeon.
You visited 1 branch of the dungeon, and saw 2 of its levels.

You collected 48 gold pieces.

Inventory:

Missiles
 c - 3 boomerangs of dispersal (quivered)
Armour
 a - a +0 leather armour (worn)
Scrolls
 b - 2 scrolls of blinking
 d - a scroll of immolation {unknown}
Potions
 e - a potion of berserk rage {unknown}
 f - a potion of lignification {unknown}


   Skills:
 + Level 2.3 Fighting
 - Level 0.7 Throwing
 - Level 1.0 Armour
 - Level 2.1 Dodging
 - Level 2.0 Unarmed Combat
 * Level 2.8 Spellcasting


You couldn't memorise any spells.
You knew the following spells:

 Your Spells              Type           Power      Damage    Failure   Level
a - Blink                 Tloc           N/A        N/A       14%         2
b - Lesser Beckoning      Tloc           5%         N/A       26%         3
c - Gell's Gravitas       Tloc           5%         N/A       26%         3
d - Teleport Other        Tloc           10%        N/A       26%         3
e - Manifold Assault      Tloc           10%        N/A       94%         5
Your spell library was empty.

Dungeon Overview and Level Annotations

Branches:
Dungeon (2/15)

Altars:

Shops:
D:1 *


Innate Abilities, Weirdness & Mutations

You are immune to sickness and miasma.
You are immune to poison.
Your flesh is very heat resistant. (rF++)
You are vulnerable to cold. (rC-)
You float through the air rather than walking.
You learn spells naturally, not from books.
Your magical power is your life essence.
You have superior vitality. (+4 HP)


Message History

Aim: a kobold, wielding a +0 whip and quivering stones (50% to hit)
You throw a boomerang of dispersal.
The boomerang of dispersal hits the kobold.
The kobold blinks!
The kobold misses you.
You hit the kobold.
You kill the kobold!
Items here: ( ) ? †.
A worm is nearby!
Casting: Blink (safe; 14% risk of failure)
Confirm with . or Enter, or press ? or * to list all spells.
You blink.
Casting: Blink (safe; 14% risk of failure)
Confirm with . or Enter, or press ? or * to list all spells.
You blink.
A bat comes into view.
The bat barely misses you.
You hit the bat.
You kill the bat!
A worm is nearby!
Found an inky potion.
There is a stone staircase leading up here.
You fly upwards.
The endoplasm freezes you.
You are frozen.
You feel a terrible chill!
* * * LOW HITPOINT WARNING * * *
There is a stone staircase leading down here.
The endoplasm freezes you.
You are frozen.
You feel a terrible chill!
* * * LOW HITPOINT WARNING * * *
You fly downwards.
There is a stone staircase leading up here.
Throw: 4 boomerangs (disperse)
Press: ? - help, Q - select action, (/) - cycle Shift-Dir - straight line, f - endoplasm
Aim: an endoplasm (85% to hit)
You throw a boomerang of dispersal.
The boomerang of dispersal hits the endoplasm but does no damage.
The endoplasm freezes you.
You are frozen.
You die...

####### #.....# #.....#
###### #.....# .!#..
##.....# ...# #......#
##.#############......#
##..............@J.÷...#
...............###.....#
#..########.....##.....#
..## ###....###.########
### #...#### .# ##.###
.. ####..# ... ##....##
.... #..#### .....


You could see an endoplasm.

Vanquished Creatures
  4 bats
  A giant cockroach (D:2)
  A goblin (D:2)
  2 hobgoblins
  2 kobolds
  A ball python (D:1)
  4 rats
15 creatures vanquished.

Notes
Turn   | Place    | Note
-------+----------+-------------------------------------------
     0 | D:1      | freelancePsychic the Djinni Warper began the quest for the
                  | Orb.
     0 | D:1      | Reached XP level 1. HP: 18/18 MP: 0/0
   252 | D:1      | Found Vepuits's General Store.
   288 | D:1      | Reached XP level 2. HP: 10/23 MP: 0/0
   791 | D:1      | HP: 1/24 [frozen (6)]
   793 | D:2      | Frozen to death by an endoplasm

Illustrated notes

Levels and vault maps discovered:
D:1:      giann_horns, layout_basic, serial_shops, nicolae_shop_statue_plus,
          minmay_pentomino_o4
D:2:      layout_rooms

Action                   || total
-------------------------++-------
Melee: Unarmed           ||    68
Throw: Boomerang         ||     2
 Cast: Blink             ||     3
 Stab: Sleeping          ||     1
Armor: Leather armour    ||    24
Dodge: Dodged            ||    42

Table legend: (Time is in decaauts)
 A = Elapsed time spent in this place.
 B = Non-inter-level travel time spent in this place.
 C = Inter-level travel time spent in this place.
 D = Time resting spent in this place.
 E = Time spent auto-exploring this place.
 F = Levels seen in this place.
 G = Mean time per level.
                   A        B        C        D        E       F      G
               +--------+--------+--------+--------+--------+-----+--------+
         Total |    791 |    791 |      0 |    180 |    414 |   2 |  395.5 |
       Dungeon |    791 |    791 |      0 |    180 |    414 |   2 |  395.5 |
               +--------+--------+--------+--------+--------+-----+--------+

Top non-repeatable levels by time:
     D:2: 476 daAuts
     D:1: 314 daAuts
